ESL (28 & UNDER)
BUTLER WHITE SOX @ SPRINGFIELD SIMPSONS
10/05/2026
 
TOP OF THE 1ST
Butler White Sox batting - Pitching for Springfield Simpsons : RHP Erwin Entwistle
Pitching: RHP Erwin Entwistle
Batting: RHB Luis Ramos 0-0: Ball
1-0: Foul Ball, location: 2F
1-1: Ball
2-1: Swinging Strike
2-2: Foul Ball, location: 2F
2-2: Strikes out swinging
Batting: LHB Dave Cook 0-0: Fly out, F9 (Flyball, 89D)
Batting: LHB Jesús González 0-0: Swinging Strike
0-1: Ball
1-1: Foul Ball, location: 2F
1-2: Ball
2-2: Strikes out swinging
Top of the 1st over - 0 run(s), 0 hit(s), 0 error(s), 0 left on base; Butler 0 - Springfield 0
BOTTOM OF THE 1ST
Springfield Simpsons batting - Pitching for Butler White Sox : RHP Manny Pérez
Pitching: RHP Manny Pérez
Batting: RHB Nick Harris 0-0: Called Strike
0-1: Ball
1-1: Ball
2-1: Foul Ball, location: 2F
2-2: Ball
3-2: Base on Balls
Batting: RHB Ken McDonald 0-0: Fly out, F9 (Flyball, 89M)
Batting: LHB Tony O'Bryan 0-0: Ball
1-0: Fly out, F7 (Line Drive, 7S)
Batting: RHB Brant Sherman 0-0: Foul Ball, location: 2F
0-1: Fly out, F3 (Popup, 3F)
Bottom of the 1st over - 0 run(s), 0 hit(s), 0 error(s), 1 left on base; Butler 0 - Springfield 0
TOP OF THE 2ND
Butler White Sox batting - Pitching for Springfield Simpsons : RHP Erwin Entwistle
Batting: SHB Ben Marks 0-0: Foul Ball, location: 2F
0-1: Ball
1-1: Ball
2-1: Foul Ball, location: 2F
2-2: SINGLE (Groundball, 4MD)
Batting: RHB Rodney González 0-0: Ball
1-0: Ball
2-0: Called Strike
2-1: Ball
3-1: Base on Balls
Ben Marks to second
Batting: LHB Mike Pearson 0-0: Ball
1-0: Ball
2-0: Ball
3-0: Base on Balls
Ben Marks to third
Rodney González to second
Batting: LHB Ron Crawford 0-0: Ball
1-0: Ball
2-0: Foul Ball, location: 2F
2-1: Foul Ball, location: 2F
2-2: Strikes out looking
Batting: RHB Evan Robinson 0-0: Ball
1-0: Swinging Strike
1-1: Swinging Strike
1-2: Foul Ball, location: 2F
1-2: Ball
2-2: Ball
3-2: Strikes out swinging
Batting: RHB Raúl Bruno 0-0: Foul Ball, location: 2F
0-1: Swinging Strike
0-2: Foul Ball, location: 2F
0-2: Ball
1-2: Ball
2-2: Ball
3-2: Strikes out swinging
Top of the 2nd over - 0 run(s), 1 hit(s), 0 error(s), 3 left on base; Butler 0 - Springfield 0
BOTTOM OF THE 2ND
Springfield Simpsons batting - Pitching for Butler White Sox : RHP Manny Pérez
Batting: RHB Gavin Downey 0-0: Foul Ball, location: 2F
0-1: Foul Ball, location: 2F
0-2: Foul Ball, location: 2F
0-2: Ball
1-2: Strikes out swinging
Batting: LHB Pedro Cerda 0-0: Called Strike
0-1: Ball
1-1: Swinging Strike
1-2: Ball
2-2: Strikes out swinging
Batting: RHB Esteban Salas 0-0: Ground out 6-3 (Groundball, 6M)
Bottom of the 2nd over - 0 run(s), 0 hit(s), 0 error(s), 0 left on base; Butler 0 - Springfield 0
TOP OF THE 3RD
Butler White Sox batting - Pitching for Springfield Simpsons : RHP Erwin Entwistle
Batting: RHB Luis Ramos 0-0: Ground out 6-3 (Groundball, 6)
Batting: LHB Dave Cook 0-0: Ball
1-0: Ball
2-0: Foul Ball, location: 2F
2-1: Swinging Strike
2-2: Ball
3-2: Base on Balls
Batting: LHB Jesús González 0-0: Ball
1-0: Called Strike
1-1: Foul Ball, location: 2F
1-2: Foul Ball, location: 2F
1-2: Strikes out swinging
Batting: SHB Ben Marks 0-0: Ball
1-0: Ball
2-0: Ball
3-0: Base on Balls
Dave Cook to second
Batting: RHB Rodney González 0-0: Foul Ball, location: 2F
0-1: Ball
1-1: Ball
2-1: Ball
3-1: Base on Balls
Dave Cook to third
Ben Marks to second
Batting: LHB Mike Pearson 0-0: Ball
1-0: Ball
2-0: Ball
3-0: Base on Balls
Dave Cook scores
Ben Marks to third
Rodney González to second
Batting: LHB Ron Crawford 0-0: DOUBLE (Line Drive, 78S)
Ben Marks scores
Rodney González scores
Mike Pearson to third
Batting: RHB Evan Robinson 0-0: Ball
1-0: Ball
2-0: Called Strike
2-1: Called Strike
2-2: Ground out 4-3 (Groundball, 4)
Top of the 3rd over - 3 run(s), 1 hit(s), 0 error(s), 2 left on base; Butler 3 - Springfield 0
BOTTOM OF THE 3RD
Springfield Simpsons batting - Pitching for Butler White Sox : RHP Manny Pérez
Batting: SHB José Cruz 0-0: Ball
1-0: DOUBLE (Line Drive, 7D)
Batting: RHB Valentín Ramírez 0-0: SINGLE (Groundball, 34D)
José Cruz to third
Runner from 3rd tries for Home, SAFE, no throw or cutoff
Batting: RHB Nick Harris 0-0: Ball
1-0: Foul Ball, location: 2F
1-1: Foul Ball, location: 2F
1-2: Ground out 5-3 (Groundball, 5S)
Valentín Ramírez to second
Batting: RHB Ken McDonald 0-0: Ball
1-0: Ball
2-0: Called Strike
2-1: Reached on error, E2 (Groundball, 2L)
Valentín Ramírez to third
Batting: LHB Tony O'Bryan 0-0: Ball
1-0: Fly out, F6 (Popup, 6D)
Batting: RHB Brant Sherman 0-0: Ball
1-0: Ball
2-0: Called Strike
2-1: Called Strike
2-2: Ball
3-2: Fly out, F5 (Line Drive, 56S)
Bottom of the 3rd over - 1 run(s), 2 hit(s), 1 error(s), 2 left on base; Butler 3 - Springfield 1
TOP OF THE 4TH
Butler White Sox batting - Pitching for Springfield Simpsons : RHP Erwin Entwistle
Batting: RHB Raúl Bruno 0-0: Fly out, F2 (Popup, 2LF)
Batting: RHB Luis Ramos 0-0: Called Strike
0-1: Ball
1-1: Foul Ball, location: 2F
1-2: Ball
2-2: Strikes out swinging
Batting: LHB Dave Cook 0-0: Ball
1-0: Foul Ball, location: 2F
1-1: Ball
2-1: Foul Ball, location: 2F
2-2: Ball
3-2: Base on Balls
Batting: LHB Jesús González 0-0: Ball
1-0: Ball
2-0: Ball
3-0: Base on Balls
Dave Cook to second
Batting: SHB Ben Marks 0-0: Ball
1-0: Called Strike
1-1: Foul Ball, location: 2F
1-2: Strikes out swinging
Top of the 4th over - 0 run(s), 0 hit(s), 0 error(s), 2 left on base; Butler 3 - Springfield 1
BOTTOM OF THE 4TH
Springfield Simpsons batting - Pitching for Butler White Sox : RHP Manny Pérez
Batting: RHB Gavin Downey 0-0: Ball
1-0: Ball
2-0: Ball
3-0: Base on Balls
Batting: LHB Pedro Cerda 0-0: Swinging Strike
0-1: Swinging Strike
0-2: Ball
1-2: Strikes out swinging
Batting: RHB Esteban Salas 0-0: Ball
1-0: SINGLE (Line Drive, 4MD)
Gavin Downey to second
Batting: SHB José Cruz 0-0: Swinging Strike
0-1: Ball
1-1: Called Strike
1-2: Ball
2-2: Foul Ball, location: 2F
2-2: Ball
3-2: Strikes out swinging
Batting: RHB Valentín Ramírez 0-0: Called Strike
0-1: SINGLE (Flyball, 78S)
Gavin Downey to third
Esteban Salas to second
Runner from 3rd tries for Home, SAFE, no throw or cutoff
Batting: RHB Nick Harris 0-0: DOUBLE (Flyball, 78XD)
Esteban Salas scores
Valentín Ramírez to third
Runner from 3rd tries for Home, SAFE, throw made at trailing runner, SAFE at third!
Batting: RHB Ken McDonald 0-0: Foul Ball, location: 2F
0-1: Ball
1-1: Foul Ball, location: 2F
1-2: Ball
2-2: Ball
3-2: Ground out 6-3 (Groundball, 6S)
Bottom of the 4th over - 3 run(s), 3 hit(s), 0 error(s), 1 left on base; Butler 3 - Springfield 4
TOP OF THE 5TH
Butler White Sox batting - Pitching for Springfield Simpsons : RHP Erwin Entwistle
Pitching: LHP Rubén Rico
Batting: RHB Rodney González 0-0: Called Strike
0-1: Ball
1-1: Ball
2-1: Foul Ball, location: 2F
2-2: Ground out 6-3 (Groundball, 6)
Batting: LHB Mike Pearson 0-0: TRIPLE (Flyball, 78S)
Batting: LHB Ron Crawford 0-0: Ball
1-0: Called Strike
1-1: Swinging Strike
1-2: Strikes out swinging
Batting: RHB Evan Robinson 0-0: Called Strike
0-1: Ball
1-1: Ground out 6-3 (Groundball, 6M)
Top of the 5th over - 0 run(s), 1 hit(s), 0 error(s), 1 left on base; Butler 3 - Springfield 4
BOTTOM OF THE 5TH
Springfield Simpsons batting - Pitching for Butler White Sox : RHP Manny Pérez
Batting: LHB Tony O'Bryan 0-0: Foul Ball, location: 2F
0-1: Ball
1-1: Foul Ball, location: 2F
1-2: Ground out U3 (Groundball, 3S)
Batting: RHB Brant Sherman 0-0: Called Strike
0-1: Ball
1-1: Ball
2-1: Ball
3-1: Called Strike
3-2: Base on Balls
Batting: RHB Gavin Downey 0-0: Ball
1-0: Grounds into double play, 6-4-3 (Groundball, 56)
Bottom of the 5th over - 0 run(s), 0 hit(s), 0 error(s), 0 left on base; Butler 3 - Springfield 4
TOP OF THE 6TH
Butler White Sox batting - Pitching for Springfield Simpsons : LHP Rubén Rico
Batting: RHB Raúl Bruno 0-0: Foul Ball, location: 2F
0-1: Ball
1-1: SINGLE (Line Drive, 8LS)
Batting: RHB Luis Ramos 0-0: Ball
Raúl Bruno steals 2nd base
1-0: Called Strike
1-1: DOUBLE (Groundball, 5L)
Raúl Bruno scores
Batting: LHB Dave Cook 0-0: Intentional Walk
Batting: LHB Jesús González 0-0: Ball
1-0: Fly out, F7 (Flyball, 7M)
Batting: SHB Ben Marks 0-0: Ball
1-0: Swinging Strike
1-1: Grounds into double play, 4-6-3 (Groundball, 4)
Top of the 6th over - 1 run(s), 2 hit(s), 0 error(s), 1 left on base; Butler 4 - Springfield 4
BOTTOM OF THE 6TH
Springfield Simpsons batting - Pitching for Butler White Sox : RHP Manny Pérez
Batting: LHB Pedro Cerda 0-0: Foul Ball, location: 2F
0-1: Fly out, F7 (Flyball, 7M)
Batting: RHB Esteban Salas 0-0: Ground out 1-3 (Groundball, 15)
Batting: SHB José Cruz 0-0: Ball
1-0: Called Strike
1-1: Ground out U3 (Groundball, 3)
Bottom of the 6th over - 0 run(s), 0 hit(s), 0 error(s), 0 left on base; Butler 4 - Springfield 4
TOP OF THE 7TH
Butler White Sox batting - Pitching for Springfield Simpsons : LHP Rubén Rico
Pitching: LHP Alberto Martínez
Batting: RHB Rodney González 0-0: Ball
1-0: Swinging Strike
1-1: Ground out 6-3 (Groundball, 6)
Batting: LHB Mike Pearson 0-0: Ball
1-0: Foul Ball, location: 2F
1-1: Swinging Strike
1-2: Foul Ball, location: 2F
1-2: Foul Ball, location: 2F
1-2: Ground out 3-1 (Groundball, 34)
Batting: LHB Ron Crawford 0-0: Ball
1-0: Ground out 4-3 (Groundball, 4)
Top of the 7th over - 0 run(s), 0 hit(s), 0 error(s), 0 left on base; Butler 4 - Springfield 4
BOTTOM OF THE 7TH
Springfield Simpsons batting - Pitching for Butler White Sox : RHP Manny Pérez
Pitching: LHP Dexter Browning
Batting: RHB Valentín Ramírez 0-0: Ball
1-0: Ball
2-0: SINGLE (Groundball, 34D)
Batting: RHB Nick Harris 0-0: Foul Ball, location: 2F
0-1: Foul Ball, location: 2F
0-2: Ball
1-2: Ball
2-2: Ball
3-2: Fly out, F7 (Flyball, 78M)
Batting: RHB Ken McDonald 0-0: Called Strike
0-1: Foul Ball, location: 2F
0-2: Ball
1-2: Ball
2-2: Ball
3-2: Strikes out swinging
Pinch Hitting: SHB Kevin Vickers 0-0: Ball
1-0: Foul Ball, location: 2F
1-1: Called Strike
1-2: Ball
2-2: Ball
3-2: SINGLE (Groundball, 6D)
Valentín Ramírez to second
Valentín Ramírez to third
Batting: RHB Brant Sherman 0-0: Called Strike
0-1: Foul Ball, location: 2F
0-2: Foul Ball, location: 2F
0-2: Ground out 1-3 (Groundball, 13S)
Bottom of the 7th over - 0 run(s), 2 hit(s), 0 error(s), 2 left on base; Butler 4 - Springfield 4
TOP OF THE 8TH
Butler White Sox batting - Pitching for Springfield Simpsons : LHP Alberto Martínez
Now in RF: Manny Ramírez
Batting: RHB Evan Robinson 0-0: Swinging Strike
0-1: Foul Ball, location: 2F
0-2: Ball
1-2: Foul Ball, location: 2F
1-2: DOUBLE (Line Drive, 9LM)
Batting: RHB Raúl Bruno 0-0: Called Strike
0-1: Ball
1-1: Ball
2-1: Called Strike
2-2: Strikes out swinging
Batting: RHB Luis Ramos 0-0: Ball
1-0: Ball
2-0: Foul Ball, location: 2F
2-1: Foul Ball, location: 2F
2-2: Foul Ball, location: 2F
2-2: Strikes out swinging
Batting: LHB Dave Cook 0-0: Ball
1-0: Swinging Strike
1-1: Swinging Strike
1-2: Foul Ball, location: 2F
1-2: Ball
2-2: Ball
3-2: Base on Balls
Pinch Hitting: RHB Tom Lang 0-0: Ball
1-0: SINGLE (Groundball, 4MD)
Evan Robinson to third
Dave Cook to second
Runner from 3rd tries for Home, SAFE, no throw or cutoff
Batting: SHB Ben Marks 0-0: Ball
1-0: Foul Ball, location: 2F
1-1: Called Strike
1-2: Foul Ball, location: 2F
1-2: Ball
2-2: SINGLE (Groundball, 6M)
Dave Cook to third
Tom Lang to second
Runner from 3rd tries for Home, SAFE, throw made home
Tom Lang to third
Ben Marks to second
Pitching: RHP Ryan Klein
Batting: RHB Rodney González 0-0: Ball
1-0: Called Strike
1-1: Ball
2-1: Ball
3-1: Base on Balls
Batting: LHB Mike Pearson 0-0: Ball
1-0: Called Strike
1-1: Swinging Strike
1-2: Ball
2-2: Ball
3-2: Strikes out looking
Top of the 8th over - 2 run(s), 3 hit(s), 0 error(s), 3 left on base; Butler 6 - Springfield 4
BOTTOM OF THE 8TH
Springfield Simpsons batting - Pitching for Butler White Sox : LHP Dexter Browning
Now in LF: Ernesto López
Batting: RHB Gavin Downey 0-0: Ball
1-0: SINGLE (Groundball, 4MD)
Pitching: LHP Domingo Morales
Batting: LHB Pedro Cerda 0-0: Called Strike
0-1: Ball
1-1: Swinging Strike
1-2: Foul Ball, location: 2F
1-2: Ball
Wild Pitch!
Gavin Downey to second
2-2: Strikes out swinging
Batting: RHB Esteban Salas 0-0: Ball
1-0: Ball
2-0: Swinging Strike
2-1: SINGLE (Line Drive, 34)
Gavin Downey to third
Runner from 3rd tries for Home, SAFE, throw made home
Esteban Salas to second
Pinch Hitting: RHB Danny Crouch 0-0: Swinging Strike
0-1: Ball
1-1: Foul Ball, location: 2F
1-2: Strikes out looking
Batting: RHB Valentín Ramírez 0-0: Foul Ball, location: 2F
0-1: SINGLE (Groundball, 34D)
Esteban Salas to third
Runner from 3rd tries for Home, SAFE, throw made home
Batting: RHB Nick Harris 0-0: Called Strike
0-1: Ball
1-1: Ball
2-1: Ball
3-1: Base on Balls
Valentín Ramírez to second
Batting: RHB Ken McDonald 0-0: Ball
1-0: Foul Ball, location: 2F
1-1: Ball
2-1: Ball
3-1: Ground out 1-3 (Groundball, 15)
Bottom of the 8th over - 2 run(s), 3 hit(s), 0 error(s), 2 left on base; Butler 6 - Springfield 6
TOP OF THE 9TH
Butler White Sox batting - Pitching for Springfield Simpsons : RHP Ryan Klein
Pitching: RHP Steve Snyder
Now at 3B: Danny Crouch
Batting: LHB Ron Crawford 0-0: Called Strike
0-1: Ball
1-1: SOLO HOME RUN (Line Drive, 9D), Distance : 379 ft
Batting: RHB Evan Robinson 0-0: Ball
1-0: Ball
2-0: Called Strike
2-1: Called Strike
2-2: Ball
3-2: Strikes out swinging
Batting: RHB Raúl Bruno 0-0: Called Strike
0-1: Fly out, F9 (Flyball, 9M)
Batting: RHB Luis Ramos 0-0: Ball
1-0: Ball
2-0: Foul Ball, location: 2F
2-1: Ball
3-1: Called Strike
3-2: Foul Ball, location: 2F
3-2: Foul Ball, location: 2F
3-2: Strikes out looking
Top of the 9th over - 1 run(s), 1 hit(s), 0 error(s), 0 left on base; Butler 7 - Springfield 6
BOTTOM OF THE 9TH
Springfield Simpsons batting - Pitching for Butler White Sox : LHP Domingo Morales
Pitching: RHP Ricardo Marino
Now at C: Mançio Delmage
Batting: RHB Manny Ramírez 0-0: Ball
1-0: Ball
2-0: Ball
3-0: Called Strike
3-1: Base on Balls
Batting: RHB Brant Sherman 0-0: Swinging Strike
0-1: Ball
1-1: Fly out, F3 (Popup, 3)
Batting: RHB Gavin Downey 0-0: Ball
1-0: Called Strike
1-1: Foul Ball, location: 2F
1-2: Ball
2-2: Ball
3-2: Strikes out looking
Batting: LHB Pedro Cerda 0-0: Called Strike
0-1: Ball
1-1: Swinging Strike
1-2: Foul Ball, location: 2F
1-2: Strikes out swinging
Bottom of the 9th over - 0 run(s), 0 hit(s), 0 error(s), 1 left on base; Butler 7 - Springfield 6
Monday, December 5th, 2016 - OOTP Baseball 17.12 Build 75